 Dungeon Crawl Stone Soup version 0.25.1-2-g60ff931df9 (webtiles) character file.

Game seed: 15952083390201763403

543 DogServant the Slasher (level 7, -2/53 HPs)
             Began as a Merfolk Gladiator on Nov 8, 2020.
             Was an Initiate of Okawaru.
             Slain by Sigmund
             ... wielding a +0 scythe
              (11 damage)
             ... on level 6 of the Dungeon.
             The game lasted 00:04:55 (5497 turns).

DogServant the Slasher (Merfolk Gladiator)          Turns: 5497, Time: 00:04:55

Health: -2/53      AC:  6    Str: 15 (16) XL:     7   Next: 27%
Magic:  7/7        EV: 14    Int:  5 (8)  God:    Okawaru [......]
Gold:   285        SH:  0    Dex: 12 (15) Spells: 6/6 levels left

rFire    . . .     SeeInvis .   a - +0 long sword
rCold    . . .     Gourm    .   (no shield)
rNeg     . . .     Faith    .   b - +0 leather armour
rPois    .         Spirit   .   c - +0 helmet
rElec    .         Reflect  .   (no cloak)
rCorr    .         Harm     .   q - +2 pair of gloves
MR       +....                  (no boots)
Stlth    +.........             (no amulet)
HPRegen  0.17/turn              (no ring)
MPRegen  0.10/turn              (no ring)

@: no status effects
A: change form in water, swift swim, stealthy swim, rugged brown scales 1,
deformed body, magic resistance 1, MP-powered wands
a: Renounce Religion


You were on level 6 of the Dungeon.
You worshipped Okawaru.
Okawaru was noncommittal.
You were not hungry.

You visited 2 branches of the dungeon, and saw 7 of its levels.

You collected 285 gold pieces.

Inventory:

Hand Weapons
 a - a +0 long sword (weapon)
Missiles
 d - a throwing net (quivered)
Armour
 b - a +0 leather armour (worn)
 c - a +0 helmet (worn)
 j - a +0 ring mail
 q - a +2 pair of gloves (worn)
Scrolls
 h - 2 scrolls of blinking
 k - 2 scrolls of fear {unknown}
 m - 3 scrolls of remove curse {unknown}
 n - a scroll of amnesia {unknown}
 p - a scroll of enchant armour {unknown}
Comestibles
 f - 3 rations
 g - 3 chunks of flesh


   Skills:
 + Level 3.0 Fighting
 + Level 7.8 Long Blades
 - Level 2.0 Throwing
 - Level 6.0 Dodging


You had 6 spell levels left.
You didn't know any spells.
Your spell library contained the following spells:

 Spells                   Type           Power        Failure   Level  Hunger
 Foxfire                  Conj/Fire      #...         54%         1    ##.....
 Cause Fear               Hex            #.........   100%        4    #####..
 Dragon Form              Tmut           #.........   100%        7    #######
 Dragon's Call            Summ           #.........   100%        9    #######


Dungeon Overview and Level Annotations

Branches:
Dungeon (6/15)             Temple (1/1) D:4

Altars:
Cheibriados
Dithmenos
Elyvilon
Fedhas
Gozag
Hepliaklqana
Kikubaaqudgha
Makhleb
Nemelex Xobeh
Okawaru
Qazlal
Ru
Sif Muna
Trog
Uskayaw
Vehumet
Wu Jian
Xom
Yredelemnul
Zin
The Shining One
Beogh

Annotations:
D:3 3 runed translucent doors, exclusion: door, Antenora's ghost, amateur DsAK
D:6 Sigmund


Innate Abilities, Weirdness & Mutations

You revert to your normal form in water.
You are very nimble and swift while swimming.
You are very stealthy in the water. (Stealth+)
You are partially covered in rugged brown scales. (AC +1, +3% HP)
Armour fits poorly on your strangely shaped body.
You are resistant to hostile enchantments. (MR+)
You expend magic power (3 MP) to strengthen your wands.


Message History

Okay, then.
You aren't carrying any potions.
Unknown command.
Okay, then.
You barely miss something. Something hits you but does no damage.
You closely miss something. You slash something! Something barely misses you.
You closely miss something. Something hits you!
You closely miss something. You closely miss something. Something hits you.
You hit something but do no damage. Something hits you!
You miss something. You hit something. Something hits you.
You hit something but do no damage. Something hits you but does no damage.
You miss something. Something hits you!
* * * LOW HITPOINT WARNING * * *
You completely miss something. You miss something. Something barely misses you.
You barely miss something. Something hits you!
You die...

.... ...# .# #(.#
.# ..# .#
#####.##.#
........####.#
#####..........#
#.{@............
#.###.##.######## #
#.#.........#
#.##..#####.# #.
#.#..>....# #.
###....<..###.#
#.#..............<#
#.######....#######
#..................


There were no monsters in sight!

Vanquished Creatures
  An ice beast (D:6)
  A scorpion (D:4)
  2 quasits (D:5)
  A jelly (D:5)
  3 orc priests
  A hound (D:4)
  An orc wizard (D:4)
  A worker ant (D:2)
  4 gnolls
  4 adders
  An ooze (D:5)
  3 worms
  3 leopard geckos
  7 orcs
  3 giant cockroaches
  7 goblins
  4 hobgoblins
  3 jackals (D:3)
  3 quokkas
  2 ball pythons
  A bat (D:1)
  3 frilled lizards
  12 rats
71 creatures vanquished.

Notes
Turn   | Place    | Note
-------+----------+-------------------------------------------
     0 | D:1      | DogServant the Merfolk Gladiator began the quest for the
                  | Orb.
     0 | D:1      | Reached XP level 1. HP: 16/16 MP: 1/1
   167 | D:1      | Reached XP level 2. HP: 18/22 MP: 2/2
   316 | D:1      | Reached XP level 3. HP: 15/27 MP: 3/3
   647 | D:2      | Reached skill level 4 in Long Blades
   757 | D:2      | Reached skill level 5 in Dodging
  1026 | D:2      | Reached XP level 4. HP: 33/33 MP: 4/4
  1645 | D:2      | Reached skill level 5 in Long Blades
  1645 | D:2      | Reached XP level 5. HP: 13/38 MP: 5/5
  2114 | D:3      | Found a shimmering blue altar of Sif Muna.
  3428 | D:3      | Found a runed translucent gate.
  3429 | D:3      | Found a runed translucent gate.
  3429 | D:3      | Identified the +6 short sword of Awkwardness {speed, +Rage
                  | MR+}
  3429 | D:3      | Identified the +7 scale mail of Midsummer {+Blink Int+7
                  | Dex+5}
  3429 | D:3      | Noticed Antenora's ghost (amateur DsAK)
  3430 | D:3      | Found a runed translucent gate.
  3436 | D:3      | Found a roughly hewn altar of Beogh.
  3469 | D:3      | Found a faded altar of an unknown god.
  3476 | D:3      | Reached skill level 6 in Long Blades
  3725 | D:4      | Reached XP level 6. HP: 30/44 MP: 6/6
  3980 | D:4      | Found a staircase to the Ecumenical Temple.
  3989 | Temple   | Entered the Ecumenical Temple
  4141 | Temple   | Became a worshipper of Warmaster Okawaru
  4764 | D:5      | Entered Level 5 of the Dungeon
  4766 | D:5      | Reached skill level 7 in Long Blades
  4922 | D:5      | Noticed a phantom
  4941 | D:5      | HP: 2/44 [poisoned by a worker ant]
  4949 | D:5      | HP: 1/44 [poisoned by a worker ant]
  5156 | D:5      | Reached XP level 7. HP: 35/50 MP: 7/7
  5261 | D:5      | Gained mutation: You are partially covered in rugged brown
                  | scales. (AC +1, +3% HP) [potion of mutation]
  5261 | D:5      | Gained mutation: You expend magic power (3 MP) to
                  | strengthen your wands. [potion of mutation]
  5261 | D:5      | Gained mutation: Armour fits poorly on your strangely
                  | shaped body. [potion of mutation]
  5261 | D:5      | Gained mutation: You are resistant to hostile enchantments.
                  | (MR+) [potion of mutation]
  5464 | D:6      | Noticed Sigmund
  5497 | D:6      | Slain by Sigmund

Illustrated notes

Levels and vault maps discovered:
D:1:      dpeg_arrival_solitude, layout_basic
D:2:      layout_loops_ring
D:3:      layout_loops_corners, led_sif_book, chequers_ecumenical_altar_simple,
          biasface_ghost_orc_armoury
D:4:      layout_basic, minmay_temple_entry_junction
D:5:      layout_basic, serial_shops, nicolae_shop_trees, shop, first_ration
D:6:      layout_basic, uniq_sigmund
Temple:   regret_index_temple_chain_breaker

Skill      XL: |  1  2  3  4  5  6  7 |
---------------+----------------------+-----
Long Blades    | 4 5 6 7 |  7.8
Dodging        | 5 6 |  6.0
Fighting       | 3 |  3.0
Throwing       | |  2.0

Action                   |  1- 3 |  4- 6 |  7- 9 || total
-------------------------+-------+-------+-------++-------
Melee: Long sword        |    74 |   166 |    33 ||   273
Throw: Throwing net      |       |       |     2 ||     2
  Use: Scroll            |       |     3 |     1 ||     4
       Potion            |       |       |     7 ||     7
 Stab: Sleeping          |       |     4 |       ||     4
       Distracted        |       |     1 |       ||     1
       Held in net/web   |       |       |     1 ||     1
  Eat: Chunk             |       |    10 |     1 ||    11
       Ration            |       |     1 |       ||     1
Armor: Leather armour    |    19 |    43 |    10 ||    72
Dodge: Dodged            |    61 |   152 |    17 ||   230
       Rpst.: Long sword |    16 |    48 |     5 ||    69
